 Dungeon Crawl Stone Soup version 0.19.1 (console) character file.

688 nht the Cleaver (level 7, -4/51 HPs)
             Began as a Minotaur Chaos Knight on Nov 24, 2016.
             Slain by a sky beast (6 damage)
             ... on level 5 of the Dungeon.
             The game lasted 00:05:37 (3399 turns).

nht the Cleaver (Minotaur Chaos Knight)             Turns: 3399, Time: 00:05:37

Health: -4/51      AC:  5    Str: 20    XL:     7   Next: 36%
Magic:  6/6        EV: 11    Int:  9    God:    Xom [...*..]
Gold:   2716       SH:  0    Dex: 10    Spells: 0 memorised, 6 levels left

rFire  . . .     SeeInvis .     a - +0 hand axe (chaos)
rCold  . . .     Gourm    .     b - +2 leather armour
rNeg   . . .     Faith    .     (no shield)
rPois  .         Spirit   .     (helmet restricted)
rElec  .         Reflect  .     (no cloak)
rCorr  .         Harm     .     (no gloves)
MR     .....                    (no boots)
Stlth  +.........               (no amulet)
                                (no ring)
                                z - ring of flight

@: very slightly contaminated, invisible
A: retaliatory headbutt, horns 2, blink, blurry vision 1, frail 1, strong 1
a: Blink, Renounce Religion, Evoke Flight


You were on level 5 of the Dungeon.
You worshipped Xom.
You were a favourite toy of Xom.
You were not hungry.

You visited 1 branch of the dungeon, and saw 5 of its levels.

You collected 2716 gold pieces.

Inventory:

Hand Weapons
 a - a +0 hand axe of chaos (weapon)
Armour
 b - a +2 leather armour (worn)
Jewellery
 p - the ring "Paisuiz" {-Tele rPois Str-2 Int+8 Slay+5}
   (You found it on level 4 of the Dungeon)

   [ring of poison resistance]

   It affects your strength (-2).
   It affects your intelligence (+8).
   It affects your accuracy and damage with ranged weapons and melee attacks
   (+5).
   It protects you from poison.
   It prevents most forms of teleportation.
 z - a ring of flight (left hand)
Scrolls
 d - a scroll of magic mapping {unknown}
 e - 4 scrolls of remove curse
 g - a scroll of random uselessness {unknown}
 h - 3 scrolls of teleportation {unknown}
 i - 3 scrolls of amnesia {unknown}
 j - 9 scrolls of identify
 k - a scroll of recharging {unknown}
 l - a scroll of fear {unknown}
 m - a scroll of enchant weapon {unknown}
 n - a scroll of noise {unknown}
 o - a scroll of enchant armour {unknown}
 r - a scroll of immolation {unknown}
 y - a scroll of fog {unknown}
Potions
 q - a potion of heal wounds
 s - 6 potions of haste
Comestibles
 c - 6 bread rations
 t - 3 beef jerkies
 u - 2 slices of pizza
 v - a royal jelly
 w - 7 chunks of flesh
 x - a meat ration


   Skills:
 - Level 3.6 Fighting
 + Level 10.3 Axes
 - Level 2.4 Armour
 - Level 1.1 Dodging


You had 6 spell levels left.
You didn't know any spells.

Dungeon Overview and Level Annotations

Branches:
Dungeon (5/15)
 Temple: D:4-7

Altars:
Ashenzari
Makhleb
Nemelex Xobeh
Okawaru
Uskayaw


Innate Abilities, Weirdness & Mutations

You reflexively headbutt those who attack you in melee.
You have a pair of horns on your head.
You can translocate small distances at will.
Scrolls take you a little longer to read.
You are frail. (-10% HP)
Your muscles are strong. (Str +2)


Message History

* * * LOW HITPOINT WARNING * * *
You are too injured to fight recklessly!
Okay, then.
Okay, then.
You fade into invisibility!
You hear Xom's maniacal laughter.
Flames sear your flesh. The sky beast misses you.
You are very lightly contaminated with residual magic.
The sky beast closely misses you. You furiously retaliate!
You headbutt the sky beast, but do no damage.
There is an escape hatch in the floor here.
The sky beast hits you.
* * * LOW HITPOINT WARNING * * *
The sky beast shocks you.
* * * LOW HITPOINT WARNING * * *
The sky beast hits you.
* * * LOW HITPOINT WARNING * * *
The sky beast shocks you.
You die...
Xom snickers!

█.██...████.8.......8.
█.██...█ █...........
█.████.█ ██.█..█....█
█.█ █.█ █..█..█.████
█.█ █.████.█.....████
█.█ █.██.........÷...
█.█ █.███..██...█████
█.████.██........>....
█<█.[@..(.............
█...██Y.█..███......<.
██████..█.██ █........
██..>..███........
█.......██........
█.........█........
█.).........█........
█.█.........█........
...█.........█........


You could see a sky beast (berserk).

Vanquished Creatures
  Menkaure (D:4)
  A scorpion (D:4)
  A howler monkey (D:5)
  A jelly (D:5)
  2 orc wizards (D:4)
  A worker ant (D:5)
  Natasha (twice) (D:2)
  11 gnolls
  A howler monkey skeleton (D:5)
  An adder (D:5)
  An adder zombie (D:5)
  5 worms (D:2)
  An adder skeleton (D:5)
  3 dart slugs
  2 leopard geckos
  An orc (shapeshifter) (D:4)
  2 orcs
  6 giant cockroaches
  10 goblins
  7 hobgoblins
  14 jackals
  8 kobolds
  2 quokkas
  A ball python (D:2)
  6 bats
  8 frilled lizards
  6 rats
105 creatures vanquished.

Vanquished Creatures (collateral kills)
  An ogre (D:3)
  A dart slug (D:3)
2 creatures vanquished.

Grand Total: 107 creatures vanquished

Notes
Turn   | Place    | Note
-------+----------+-------------------------------------------
     0 | D:1      | nht the Minotaur Chaos Knight began the quest for the Orb.
     0 | D:1      | Reached XP level 1. HP: 19/19 MP: 0/0
    26 | D:1      | Reached skill level 4 in Axes
    57 | D:1      | Reached XP level 2. HP: 12/26 MP: 1/1
   324 | D:1      | Reached skill level 5 in Axes
   360 | D:1      | Found a shattered altar of Ashenzari.
   362 | D:1      | Reached XP level 3. HP: 31/31 MP: 2/2
   388 | D:1      | XOM: harmless Chrm miscast
   697 | D:2      | Noticed Natasha
   704 | D:2      | Killed Natasha
   704 | D:2      | Reached XP level 4. HP: 34/39 MP: 3/3
   747 | D:2      | Reached skill level 6 in Axes
   897 | D:2      | Found a sparkling altar of Nemelex Xobeh.
  1003 | D:2      | Noticed Natasha
  1010 | D:2      | Killed Natasha
  1080 | D:2      | XOM: harmless Fire miscast
  1297 | D:3      | XOM: harmless Hex miscast
  1405 | D:3      | Reached XP level 5. HP: 27/45 MP: 4/4
  1408 | D:3      | Gained mutation: You can translocate small distances at will. [potion of mutation]
  1408 | D:3      | Gained mutation: Scrolls take you a little longer to read. [potion of mutation]
  1408 | D:3      | Gained mutation: Your muscles are strong. (Str +2) [potion of mutation]
  1411 | D:3      | Reached skill level 7 in Axes
  1580 | D:3      | Noticed an ogre
  1581 | D:3      | XOM: butterfly on damage
  1581 | D:3      | XOM: smoke on damage
  1701 | D:2      | XOM: god gift: 28 gold pieces
  1964 | D:3      | XOM: medium Tmut miscast
  1987 | D:3      | XOM: snakes to sticks
  2008 | D:3      | XOM: enchant monster (good)
  2012 | D:3      | Killed an ogre
  2012 | D:3      | Reached skill level 8 in Axes
  2116 | D:4      | XOM: confusion (+ monsters)
  2116 | D:4      | Reached XP level 6. HP: 51/51 MP: 5/5
  2562 | D:4      | XOM: 3-stop teleportation journey
  2627 | D:4      | XOM: god gift: 2390 gold pieces
  2697 | D:4      | Noticed Menkaure
  2709 | D:4      | Killed Menkaure
  2709 | D:4      | Reached skill level 9 in Axes
  2714 | D:4      | Got a shimmering marble ring
  2720 | D:4      | Identified the ring "Paisuiz" {-Tele rPois Str-2 Int+8 Slay+5} (You found it on level 4 of the Dungeon)
  2867 | D:4      | Reached XP level 7. HP: 39/57 MP: 6/6
  2954 | D:5      | Entered Level 5 of the Dungeon
  2967 | D:5      | Found an iron altar of Okawaru.
  3044 | D:5      | Found a hide-covered altar of Uskayaw.
  3067 | D:5      | Reached skill level 10 in Axes
  3070 | D:5      | XOM: smoke on damage
  3153 | D:5      | XOM: mild Divn miscast
  3187 | D:5      | Found a burning altar of Makhleb.
  3244 | D:5      | Found a sparkling altar of Nemelex Xobeh.
  3265 | D:5      | XOM: give mutation
  3265 | D:5      | Gained mutation: You are frail. (-10% HP) [Xom's mischief]
  3395 | D:5      | XOM: mild Fire miscast
  3399 | D:5      | HP: 2/51 [sky beast (3)]
  3399 | D:5      | Slain by a sky beast

Skill      XL: |  1  2  3  4  5  6  7 |
---------------+----------------------+-----
Axes           | 4 5 6 8 9 10 | 10.3
Fighting       | |  3.6
Armour         | |  2.4
Dodging        | |  1.1

Action                   |  1- 3 |  4- 6 |  7- 9 || total
-------------------------+-------+-------+-------++-------
Melee: Hand axe          |    58 |   146 |    46 ||   250
       Headbutt          |     8 |    19 |     6 ||    33
       Unarmed           |       |     4 |       ||     4
  Use: Potion            |       |     6 |     1 ||     7
       Scroll            |       |     2 |     1 ||     3
 Stab: Petrified         |       |     3 |       ||     3
       Invisible         |       |     1 |       ||     1
       Petrifying        |       |     1 |       ||     1
       Confused          |       |       |     2 ||     2
       Paralysed         |       |       |     1 ||     1
  Eat: Chunk             |       |     5 |     3 ||     8
Armor: Leather armour    |    17 |    29 |     6 ||    52
Dodge: Dodged            |    33 |    62 |    18 ||   113
